AoeStats
← FERRYZC

Black Forest

508006806Analyzed
3v3 RM · 13d ago on Sep 20, 2026· 61m 13s· 6 players
Game mode
Random Map
Map size
Normal (6 player)
Population
200
Speed
Normal
Resources
Standard
Victory
Conquest
Starting age
Dark Age
Ending age
Imperial Age
RankedLock teamsTeams togetherTeam positionsShared explorationLock speedFull tech treeHidden civsTurbo modeCheats
Victory
Defeat
🇨🇳 Franks · China
778
+15
🇨🇴 Britons · Colombia
770
+15
🇮🇩 Byzantines · Indonesia
675
+19
🇨🇴 Vietnamese · Colombia
810
-18
🇱🇺 Spanish · Luxembourg
769
-17
🇪🇸 Vietnamese · Spain
687
-14
varogaitan
1:14 Loom
23:08 Feudal Age
24:14 Double-Bit Axe
24:15 Horse Collar
28:07 Castle Age
26:43 Wheelbarrow
30:20 Hand Cart
29:52 Town Watch
32:46 Bow Saw
32:41 Heavy Plow
33:16 Squires
34:22 Caravan
41:38 Imperial Age
40:12 Ballistics
39:49 Murder Holes
39:54 Treadmill Crane
40:36 Town Patrol
43:42 Two-Man Saw
42:20 Elite Skirmisher
44:50 Chemistry
44:41 Thumb Ring
43:57 Imperial Skirmisher
44:40 Husbandry
44:51 Bloodlines
44:59 Forging
46:01 Arrowslits
47:47 Paper Money
48:52 Crop Rotation
48:49 Elite Fire Lancer
50:09 Iron Casting
49:25 Fletching
49:36 Padded Archer Armor
49:36 Scale Mail Armor
49:47 Chatras
53:35 Bodkin Arrow
53:56 Leather Archer Armor
53:57 Chain Mail Armor
FERRYZC
4:03 Loom
16:34 Feudal Age
17:45 Double-Bit Axe
17:44 Horse Collar
24:15 Castle Age
25:29 Bow Saw
26:25 Wheelbarrow
27:33 Caravan
27:58 Heavy Plow
30:17 Stone Mining
30:17 Gold Mining
30:44 Husbandry
30:54 Bloodlines
31:55 Hand Cart
31:40 Town Watch
31:48 Fletching
33:38 Fortified Wall
33:39 Masonry
35:01 Town Patrol
36:24 Stone Shaft Mining
35:46 Bodkin Arrow
36:01 Forging
43:41 Imperial Age
42:59 Ballistics
45:24 Chemistry
44:55 Architecture
43:50 Pikeman
44:30 Squires
44:16 Gambesons
44:34 Bracer
44:44 Forging
44:34 Scale Mail Armor
44:35 Padded Archer Armor
44:41 Scale Barding Armor
43:59 Elite Skirmisher
44:45 Thumb Ring
45:04 Redemption
45:06 Fervor
45:22 Illumination
45:13 Block Printing
45:34 Theocracy
45:00 Devotion
45:27 Sanctity
47:29 Conscription
47:10 Inquisition
47:32 Supremacy
47:42 Bombard Tower
47:22 Fishing Lines
48:24 Leather Archer Armor
48:44 Iron Casting
48:24 Chain Mail Armor
48:31 Chain Barding Armor
47:34 Halberdier
47:37 Imperial Skirmisher
47:42 Cavalier
47:42 Light Cavalry
49:04 Murder Holes
49:05 Onager
50:11 Hussar
54:44 Paladin
JMG89
0:39 Loom
17:06 Feudal Age
17:35 Double-Bit Axe
19:30 Wheelbarrow
21:13 Town Watch
24:10 Castle Age
25:13 Bow Saw
24:44 Horse Collar
24:48 Fishing Lines
25:33 Hand Cart
27:02 Gillnets
36:59 Imperial Age
35:25 Treadmill Crane
36:42 Caravan
37:37 Fortified Wall
38:48 Chemistry
38:17 Thumb Ring
37:32 Crossbowman
39:40 Two-Man Saw
38:46 Heavy Plow
38:49 Fletching
38:59 Padded Archer Armor
39:15 Bloodlines
39:06 Husbandry
40:32 Paper Money
40:37 Ballistics
40:26 Siege Engineers
40:20 Bodkin Arrow
40:40 Leather Archer Armor
40:37 Forging
40:32 Scale Barding Armor
41:50 Light Cavalry
44:20 Iron Casting
43:50 Scale Barding Armor
43:47 Bracer
44:09 Town Patrol
45:33 Chatras
45:51 Pikeman
46:31 Squires
47:08 Murder Holes
47:26 Scale Mail Armor
47:46 Chain Barding Armor
47:43 Leather Archer Armor
47:34 Halberdier
48:44 Halberdier
49:46 Arbalester
54:04 Chain Mail Armor
55:20 Elite Skirmisher
56:01 Imperial Skirmisher
Sigit4n
14:40 Feudal Age
12:56 Loom
16:15 Wheelbarrow
15:28 Double-Bit Axe
25:52 Castle Age
24:33 Horse Collar
24:53 Stone Mining
24:56 Gold Mining
27:25 Bow Saw
27:17 Heavy Plow
35:30 Stone Shaft Mining
36:15 Hand Cart
41:32 Imperial Age
39:05 Treadmill Crane
39:37 Fortified Wall
40:40 Gold Shaft Mining
43:41 Two-Man Saw
43:33 Murder Holes
43:59 Ballistics
44:51 Crop Rotation
49:52 Forging
49:33 Fletching
49:44 Padded Archer Armor
49:54 Elite Skirmisher
51:46 Iron Casting
51:07 Bodkin Arrow
52:18 Chemistry
52:22 Leather Archer Armor
52:08 Scale Mail Armor
52:05 Onager
53:33 Scale Barding Armor
53:26 Pikeman
54:07 Squires
53:53 Arson
58:48 Light Cavalry
59:29 Husbandry
60:02 Chain Barding Armor
60:12 Ring Archer Armor
59:58 Chain Mail Armor
59:45 Hussar
Masepulvedah1
0:38 Loom
17:50 Feudal Age
18:12 Horse Collar
18:21 Double-Bit Axe
20:03 Stone Mining
21:55 Fletching
22:05 Padded Archer Armor
24:12 Padded Archer Armor
29:33 Castle Age
30:17 Bodkin Arrow
30:37 Leather Archer Armor
31:04 Heavy Plow
31:18 Bow Saw
31:46 Gold Mining
32:36 Wheelbarrow
33:56 Bodkin Arrow
34:16 Leather Archer Armor
36:40 Imperial Age
34:50 Wheelbarrow
37:00 Gold Shaft Mining
36:29 Crossbowman
38:27 Ballistics
39:20 Bodkin Arrow
39:40 Leather Archer Armor
40:56 Hand Cart
41:09 Hand Cart
42:18 Two-Man Saw
42:58 Pikeman
43:39 Squires
43:28 Arson
43:13 Elite Skirmisher
43:43 Arbalester
47:02 Bracer
47:17 Leather Archer Armor
50:26 Heavy Scorpion
53:19 Chemistry
52:30 Fortified Wall
52:16 Murder Holes
52:40 Masonry
domsen
0:45 Loom
17:22 Feudal Age
20:42 Double-Bit Axe
20:57 Gold Mining
26:33 Castle Age
25:27 Forging
25:24 Scale Barding Armor
25:23 Fletching
29:27 Bow Saw
31:33 Stone Mining
32:24 Gold Shaft Mining
34:28 Wheelbarrow
35:28 Caravan
37:17 Hand Cart
41:47 Imperial Age
39:57 Iron Casting
39:46 Chain Barding Armor
39:30 Bodkin Arrow
40:10 Murder Holes
40:40 Ballistics
40:31 Masonry
41:17 Husbandry
41:50 #83
42:25 Scale Mail Armor
43:30 Blast Furnace
43:06 Plate Barding Armor
42:23 Arrowslits
42:46 Siege Engineers
42:08 Cavalier
43:42 Conscription
43:35 Chivalry
44:09 Paladin
47:09 Squires
46:55 Gambesons
46:56 Arson
46:43 Elite Throwing Axeman
Connection lost

Rejoining the realm…

Still unreachable

The connection could not be restored.

Session expired

The server has moved on; the page needs a fresh start.